AoeStats
← haristo

Arena

509038086Analyzed
3v3 RM · 7d ago on Sep 25, 2026· 56m 46s· 6 players
Game mode
Random Map
Map size
Normal (6 player)
Population
200
Speed
Normal
Resources
Standard
Victory
Conquest
Starting age
Dark Age
Ending age
Imperial Age
RankedLock teamsTeams togetherTeam positionsShared explorationLock speedFull tech treeHidden civsTurbo modeCheats
Victory
Defeat
🇨🇳 Lithuanians · China
793
+14
🇨🇳 Magyars · China
776
+15
🇮🇳 Teutons · India
765
+15
🇹🇷 Franks · Türkiye
793
-16
🇸🇰 Britons · Slovakia
746
-15
🇺🇸 Portuguese · United States
697
-25
Richard
0:28 Loom
9:19 Feudal Age
10:45 Horse Collar
10:53 Double-Bit Axe
16:45 Wheelbarrow
20:27 Castle Age
19:22 Stone Mining
19:53 Gold Mining
19:59 Fletching
20:43 Padded Archer Armor
20:46 Scale Mail Armor
21:29 Heavy Plow
21:43 Bow Saw
23:22 Gold Shaft Mining
22:40 Town Watch
27:43 Man-at-Arms
28:08 Gambesons
28:24 Squires
30:34 Fortified Wall
30:19 Murder Holes
30:45 Ballistics
30:36 Masonry
30:31 Arson
30:22 Long Swordsman
32:38 Yeomen
34:59 Imperial Age
33:43 Bodkin Arrow
34:04 Leather Archer Armor
33:59 Forging
33:32 Treadmill Crane
33:17 Pikeman
35:41 Town Patrol
35:10 Elite Longbowman
35:44 Two-Handed Swordsman
37:10 Hoardings
36:07 Halberdier
36:39 Sappers
38:47 Conscription
38:59 Hand Cart
38:55 Scale Barding Armor
39:29 Iron Casting
39:27 Architecture
39:02 Siege Engineers
39:22 Elite Skirmisher
41:09 Bracer
41:40 Ring Archer Armor
42:11 Blast Furnace
42:13 Chemistry
40:59 Arrowslits
41:05 Heated Shot
41:31 Caravan
43:12 Two-Man Saw
42:54 Warwolf
44:14 Champion
45:13 Chain Mail Armor
45:18 Chain Barding Armor
44:51 Guard Tower
50:14 Block Printing
50:09 Fervor
cmac1991
10:52 Feudal Age
14:12 Wheelbarrow
16:12 Double-Bit Axe
19:35 Gold Mining
23:31 Castle Age
22:24 Stone Mining
24:36 Hand Cart
27:02 Forging
26:53 Scale Mail Armor
39:26 Caravan
45:07 Husbandry
45:18 Bloodlines
52:11 Scale Barding Armor
52:09 Padded Archer Armor
haristo
0:59 Loom
12:26 Feudal Age
10:41 Loom
15:27 Double-Bit Axe
20:34 Castle Age
22:10 Wheelbarrow
22:10 Pikeman
22:51 Squires
22:36 Gambesons
25:51 Town Watch
25:52 Loom
27:27 Hand Cart
29:09 Town Patrol
34:15 Imperial Age
32:06 Forging
31:57 Scale Mail Armor
32:05 Scale Barding Armor
32:19 Husbandry
32:24 Treadmill Crane
32:56 Masonry
33:46 Chain Barding Armor
34:02 Iron Casting
34:22 Cavalier
35:27 Fortified Wall
35:33 Caravan
36:43 Blast Furnace
36:08 Bow Saw
35:54 Gold Mining
35:54 Stone Mining
36:29 Paladin
39:42 Gold Shaft Mining
40:57 Conscription
40:58 Chivalry
41:37 Hoardings
42:52 Plate Barding Armor
44:22 Murder Holes
44:57 Architecture
44:33 Siege Engineers
45:20 Scale Mail Armor
47:19 Pikeman
48:00 Squires
47:45 Gambesons
51:12 Halberdier
simpLest
10:45 Feudal Age
11:13 Horse Collar
11:20 Double-Bit Axe
18:41 Castle Age
16:51 Stone Mining
19:11 Gold Mining
19:26 Scale Mail Armor
19:37 Forging
20:14 Heavy Plow
20:26 Bow Saw
22:16 Stone Shaft Mining
23:36 Fletching
24:22 Iron Casting
24:03 Chain Mail Armor
23:58 Squires
25:38 Wheelbarrow
25:40 Arson
26:26 Chain Mail Armor
26:48 Iron Casting
33:53 Hand Cart
35:14 Ballistics
35:15 Masonry
37:11 Ironclad
40:06 Imperial Age
37:26 Town Watch
39:50 Town Patrol
41:39 Elite Teutonic Knight
45:58 Plate Mail Armor
46:28 Blast Furnace
46:24 Conscription
oncemore
10:12 Feudal Age
10:38 Double-Bit Axe
10:36 Horse Collar
12:08 Loom
14:36 Wheelbarrow
14:22 Scale Barding Armor
19:47 Castle Age
18:50 Bloodlines
18:49 Gold Mining
19:54 Light Cavalry
22:21 Forging
31:12 Hand Cart
32:13 Husbandry
34:28 Iron Casting
34:17 Chain Barding Armor
33:47 Treadmill Crane
35:25 Iron Casting
38:54 Stone Mining
39:29 Murder Holes
39:57 Bow Saw
42:45 Imperial Age
40:01 Town Watch
41:15 Heavy Plow
42:04 Fortified Wall
42:05 Masonry
42:16 Ballistics
42:49 Hill Forts
42:48 Elite Leitis
43:35 Tower Shields
44:25 Stone Shaft Mining
44:46 Plate Barding Armor
44:19 Elite Skirmisher
45:05 Thumb Ring
44:20 Crossbowman
45:33 Scale Mail Armor
45:34 Padded Archer Armor
45:25 Fletching
46:48 Squires
46:08 Pikeman
48:04 Two-Man Saw
48:53 Hoardings
48:52 Chain Mail Armor
49:45 Heavy Cavalry Archer
50:38 Town Patrol
52:39 Conscription
52:13 Winged Hussar
53:32 Halberdier
53:57 Arson
55:31 Bodkin Arrow
55:51 Leather Archer Armor
56:39 Chemistry
56:10 Architecture
檐上白
10:06 Feudal Age
17:08 Castle Age
19:39 Double-Bit Axe
20:40 Horse Collar
31:42 Imperial Age
30:17 Scale Barding Armor
30:03 Fletching
31:23 Wheelbarrow
30:39 Town Watch
31:05 Corvinian Army
31:45 Heavy Plow
31:59 Bow Saw
32:11 Town Patrol
32:26 Bodkin Arrow
33:26 Conscription
33:10 Recurve Bow
34:02 Crop Rotation
35:00 Two-Man Saw
34:59 Hand Cart
35:25 Bloodlines
35:16 Husbandry
34:40 Cavalier
36:06 Ballistics
35:27 Treadmill Crane
36:55 Chain Barding Armor
36:36 Bracer
36:56 Caravan
39:20 Chemistry
38:38 Masonry
38:34 Siege Engineers
38:46 Gold Mining
38:56 Elite Magyar Huszar
42:15 Gold Shaft Mining
42:39 Plate Barding Armor
44:20 Heavy Cavalry Archer
45:39 Murder Holes
54:16 Parthian Tactics
57:10 Thumb Ring
57:15 Padded Archer Armor
57:15 Scale Mail Armor
Connection lost

Rejoining the realm…

Still unreachable

The connection could not be restored.

Session expired

The server has moved on; the page needs a fresh start.